Map: King's Cove LE

Players

rpenguin

  • Race: Zerg Zerg
  • League: Diamond
  • Spawn Location: 5:00

Fent - Winner!

  • Race: Terran Terran
  • League: Master
  • Spawn Location: 11:00

VOD

Have the link to the VOD?

Description

Time

  • Played on: May 11, 2019, 2:44 p.m.
  • Length: 8:16
Show
View Real Time Build Order
Export as new Build Order

rpenguin Zerg 

Build Orders: Hatch First 

Get SALT Encoding   

  12  0:02  Drone  
  13  0:11  Drone  
  14  0:36  Hatchery  
  14  0:40  Extractor  
  12  0:55  Spawning Pool  
  11  1:03  Overlord  
  11  1:10  Drone  
  12  1:17  Drone  
  13  1:27  Drone  
  13  1:29  Drone  
  15  1:37  Drone  
  16  1:44  Metabolic Boost  
  16  1:54  Zergling x2  
  16  1:55  Zergling x2  
  18  2:06  Queen  
  20  2:10  Zergling x2  
  21  2:16  Zergling x2  
  22  2:27  Lair  
  22  2:34  Zergling x2  
  22  2:35  Zergling x2  
  23  2:45  Zergling x2  
  23  2:51  Queen  
  26  3:03  Zergling x2  
  27  3:29  Overlord x2  
  27  3:41  Nydus Network  
  27  3:43  Overlord  
  27  3:46  Queen  
  28  3:53  Queen  
  30  4:13  Zergling x4  
  32  4:28  Nydus Canal  
  32  4:29  Queen  
  34  4:38  Zergling x2  
  34  4:39  Zergling x8  
  34  4:40  Zergling x2  
  36  4:54  Zergling x6  
  36  4:56  Zergling x2  
  38  5:00  Nydus Canal  
  38  5:10  Zergling x4  
  40  5:15  Drone  
  40  5:16  Drone  
  42  5:24  Nydus Canal  
  42  5:25  Zergling x2  
  44  5:28  Zergling x2  
  44  5:34  Zergling x2  
  45  5:36  Zergling x2  
  46  5:58  Nydus Canal  
  42  6:38  Overlord x3  
  42  6:39  Overlord x3  
  42  6:49  Overlord  
  42  6:56  Overseer  
  42  6:57  Overseer  
  42  7:04  Queen  
  42  7:06  Queen  
  46  7:14  Zergling x2  
  46  7:15  Zergling x2  
  48  7:18  Zergling x2  
  48  7:21  Zergling x2  
  50  7:30  Zergling x2  
  51  7:39  Queen  
  52  7:53  Nydus Canal  
  22  8:07  Nydus Canal  
Show
View Real Time Build Order
Export as new Build Order

Fent Terran - Winner!

Build Orders:  

Get SALT Encoding   

  12  0:01  SCV  
  13  0:13  SCV  
  14  0:18  Supply Depot  
  14  0:26  SCV  
  15  0:29  Refinery  
  15  0:40  SCV  
  16  0:49  Barracks  
  16  0:55  SCV  
  17  1:08  SCV  
  18  1:20  SCV  
  19  1:32  SCV  
  20  1:37  Reaper  
  21  1:45  Orbital Command  
  21  2:01  Command Center  
  21  2:08  Factory  
  21  2:13  SCV  
  22  2:17  Supply Depot  
  22  2:25  Barracks Reactor  
  22  2:29  SCV  
  23  2:34  Refinery  
  23  2:44  SCV  
  24  2:59  SCV  
  25  3:09  Hellion x2  
  28  3:14  Starport  
  28  3:16  Orbital Command  
  28  3:20  Barracks Tech Lab  
  28  3:22  SCV  
  29  3:30  Hellion  
  31  3:34  SCV  
  31  3:35  Hellion, Supply Depot  
  36  3:41  Marauder  
  36  3:42  Orbital Command  
  36  3:48  SCV  
  37  3:56  Armory  
  37  3:58  Hellion  
  37  4:00  SCV  
  40  4:10  SCV  
  40  4:12  SCV  
  40  4:14  Banshee  
  45  4:21  Cloaking Field  
  45  4:23  SCV  
  46  4:24  SCV  
  46  4:26  Supply Depot  
  47  4:35  SCV  
  48  4:41  SCV  
  49  4:47  SCV  
  48  4:53  SCV  
  48  4:59  SCV  
  50  5:05  Viking, SCV  
  53  5:09  Engineering Bay  
  53  5:18  SCV x2  
  53  5:20  Terran Vehicle And Ship Armor Level 1  
  55  5:22  Hellbat  
  55  5:23  Hellbat  
  59  5:30  SCV x2  
  61  5:38  Supply Depot  
  61  5:53  SCV  
  62  6:00  SCV, Command Center  
  63  6:04  Banshee  
  63  6:05  Supply Depot  
  66  6:14  Factory  
  66  6:16  Factory  
  66  6:23  SCV x2  
  68  6:27  Supply Depot  
  68  6:32  Supply Depot  
  68  6:35  SCV  
  69  6:45  Refinery x2  
  69  6:48  Supply Depot  
  69  6:58  Factory Tech Lab  
  69  7:00  Supply Depot  
  69  7:01  Orbital Command  
  69  7:09  SCV  
  72  7:15  Hellion  
  72  7:16  Hellion, Banshee  
  72  7:17  Factory Tech Lab  
  77  7:29  SCV x2  
  79  7:45  SCV  
  79  7:46  SCV  
  79  7:47  Hellbat x2  
  85  7:59  SCV x2  
Tags
 
Add a new tag
Caveats
  • Supply blocks, unpowered buildings, or Contaminate may cause inaccurate times.
  • Supply counts are checked every 10 seconds.